 Dungeon Crawl Stone Soup version 0.21.1-1-g345015f (webtiles) character file.

153 crasatator the Chopper (level 5, -1/45 HPs)
             Began as a Minotaur Fighter on May 6, 2018.
             Killed from afar by an orc wizard (7 damage)
             ... with a magic dart
             ... on level 3 of the Dungeon.
             The game lasted 00:04:29 (2254 turns).

crasatator the Chopper (Minotaur Fighter)           Turns: 2254, Time: 00:04:29

Health: -1/45      AC:  6    Str: 22    XL:     5   Next: 12%
Magic:  4/4        EV:  7    Int:  5    God:
Gold:   77         SH:  9    Dex:  9    Spells: 4/4 levels left

rFire    . . .     SeeInvis .   a - +0 war axe
rCold    . . .     Gourm    .   c - +0 shield
rNeg     . . .     Faith    .   b - +0 scale mail
rPois    .         Spirit   .   (helmet restricted)
rElec    .         Reflect  .   (no cloak)
rCorr    .         Harm     .   (no gloves)
MR       .....                  (no boots)
Stlth    ..........             (no amulet)
HPRegen  0.15/turn              (no ring)
MPRegen  0.09/turn              (no ring)

@: no status effects
A: retaliatory headbutt, horns 2
a: no special abilities


You were on level 3 of the Dungeon.
You were not hungry.

You visited 1 branch of the dungeon, and saw 3 of its levels.

You collected 77 gold pieces.

Inventory:

Hand Weapons
 a - a +0 war axe (weapon)
Armour
 b - a +0 scale mail (worn)
 c - a +0 shield (worn)
Jewellery
 o - an uncursed ring of magical power
Scrolls
 j - 2 scrolls of remove curse {unknown}
 k - 2 scrolls of amnesia {unknown}
 n - a scroll of immolation {unknown}
Potions
 d - a potion of might
 e - 3 potions of lignification
 i - a potion of curing
 l - a potion of heal wounds
 m - a potion of flight {unknown}
Comestibles
 f - 5 rations


   Skills:
 - Level 3.6 Fighting
 + Level 6.5 Axes
 - Level 3.6 Armour
 - Level 3.6 Shields


You had 4 spell levels left.
You didn't know any spells.

Dungeon Overview and Level Annotations

Branches:
Dungeon (3/15)

Altars:


Innate Abilities, Weirdness & Mutations

You reflexively headbutt those who attack you in melee.
You have a pair of horns on your head.


Message History

Things that are here:
a poisoned needle; a short sword; a hand axe
Things that are here:
an uncursed blowgun; 21 poisoned needles
Things that are here:
a trident; a leather armour An orc wizard is nearby!
You completely miss the orc wizard.
The orc wizard is almost dead.
The orc wizard hits you but does no damage.
The orc wizard casts a spell at you. The magic dart hits you!
* * * LOW HITPOINT WARNING * * *
The orc wizard hits you but does no damage.
You closely miss the orc wizard.
The orc wizard is almost dead.
You feel yourself speed up.
The orc wizard points at you and mumbles some strange words.
The magic dart hits you!
You die...

###....#####.####.####^#.#
#..............##.#
#.#.####
#.#............##.#
#.......
#.#..###.##....##.##
#.#.#### #.#.##
##.##.#.....###.#[....
#..##
##.......#.....###### #..#
#.()#.#...###..### #(.##
##.#o.###........<# #.#.##
##.##@#.#.#####..###
##.#..###.###(##.## #.##
####....#.)o## #(.### ###
.(......#.#######)#
#......#......# #.#
#.#####.#o###.###.# #.#
#.#.........# #.#
#.###.....#.# #.#
#...........#


You could see an orc wizard.

Vanquished Creatures
  2 orc priests (D:3)
  An orc wizard (D:3)
  An adder (D:2)
  A worm (D:2)
  A dart slug (D:1)
  3 leopard geckos
  6 orcs (D:3)
  4 bats
  5 giant cockroaches
  7 goblins
  A hobgoblin (D:1)
  3 ball pythons
  4 frilled lizards
  4 kobolds
  9 rats
52 creatures vanquished.

Notes
Turn   | Place    | Note
-------+----------+-------------------------------------------
     0 | D:1      | crasatator the Minotaur Fighter began the quest for the Orb.
     0 | D:1      | Reached XP level 1. HP: 19/19 MP: 0/0
    53 | D:1      | Reached skill level 3 in Axes
   312 | D:1      | Reached XP level 2. HP: 26/26 MP: 1/1
   877 | D:2      | Reached skill level 4 in Axes
  1106 | D:2      | Reached XP level 3. HP: 31/31 MP: 2/2
  1812 | D:3      | Reached skill level 5 in Axes
  1812 | D:3      | Reached XP level 4. HP: 19/39 MP: 3/3
  1841 | D:3      | Reached skill level 6 in Axes
  1845 | D:3      | HP: 1/39 [poisoned by a kobold]
  2192 | D:3      | Reached XP level 5. HP: 5/45 MP: 4/4
  2254 | D:3      | Killed from afar by an orc wizard

Skill      XL: |  1  2  3  4 |
---------------+-------------+-----
Axes           | 3 4 5 6 |  6.5
Fighting       | |  3.6
Armour         | |  3.6
Shields        | |  3.6

Action                   |  1- 3 |  4- 6 || total
-------------------------+-------+-------++-------
Melee: War axe           |    90 |    36 ||   126
       Headbutt          |    13 |     5 ||    18
  Use: Scroll            |     2 |     2 ||     4
       Potion            |       |     1 ||     1
  Eat: Chunk             |     2 |     2 ||     4
Armor: Scale mail        |    45 |    13 ||    58
Dodge: Dodged            |    23 |     8 ||    31
Block: Shield            |    50 |    17 ||    67
